 Dungeon Crawl Stone Soup version 0.31-a0-233-g139696dc86 (webtiles) character file.

Game seed: 18125263525457583752

28 qw the Shooter (level 3, 0/21 HPs)
             Began as a Gargoyle Hexslinger on July 9, 2023.
             Slain by Robin
             ... wielding a +0 spear
              (2 damage)
             ... on level 2 of the Dungeon.
             The game lasted 00:00:20 (806 turns).

qw the Shooter (Gargoyle Hexslinger)                 Turns: 806, Time: 00:00:20

Health: 0/21       AC:  7    Str: 11    XL:     3   Next: 14%
Magic:  4/4        EV: 12    Int: 13    God:
Gold:   11         SH:  0    Dex: 20    Spells: 3/4 levels left

rFire   + . .        Y - +2 sling
rCold   . . .        (no shield)
rNeg    + . .        e - +0 leather armour
rPois   inf          (no helmet)
rElec   +            (no cloak)
rCorr   .            k - +0 pair of gloves
SInv    .            (no boots)
Will    .....        (no amulet)
Stlth   +            d - ring of protection from fire
HPRegen 0.23/turn    f - +6 ring of dexterity
MPRegen 0.09/turn

%: no passive effects
@: no status effects
A: sickness immunity, AC +3, negative energy resistance 1, electricity
resistance, torment resistance 1, petrification resistance
a: no special abilities


You were on level 2 of the Dungeon.
You visited 1 branch of the dungeon, and saw 2 of its levels.

You collected 11 gold pieces.


Innate Abilities, Weirdness & Mutations

You are immune to sickness and miasma.
Your stone body is resilient. (AC +3)
You are immune to poison.
You resist negative energy. (rN+)
You are resistant to electric shocks. (rElec)
You are resistant to unholy torment.
You are immune to petrification.


   Skills:
 - Level 2.0 Fighting
 + Level 3.1 Ranged Weapons
 - Level 1.5 Dodging
 - Level 1.0 Spellcasting
 - Level 2.6 Hexes


You had 3 spell levels left.
You knew the following spells:

 Your Spells              Type           Power      Damage    Failure   Level
a - Slow                  Hex            28%        N/A       12%         1

Your spell library contained the following spells:

 Spells                   Type           Power      Damage    Failure   Level
 Inner Flame              Hex/Fire       4%         N/A       54%         3
 Portal Projectile        Hex/Tloc       8%         N/A       54%         3
 Cause Fear               Hex            3%         N/A       77%         4

Inventory:

Hand Weapons
 Y - a +2 sling (weapon)
Armour
 e - a +0 leather armour (worn)
 k - a +0 pair of gloves (worn)
Jewellery
 d - a ring of protection from fire (left hand)
 f - a +6 ring of dexterity (right hand)
Potions
 g - a potion of heal wounds {unknown}
 i - a potion of curing {unknown}
 n - a potion of haste {unknown}

Dungeon Overview and Level Annotations

Branches:
Dungeon (2/15)

Altars:

Annotations:
D:2 Robin


Message History

The hobgoblin is severely wounded.
Robin throws the goblin at you! The hobgoblin misses you.
The goblin hits you with a +0 dagger. Robin hits you but does no damage.
A goblin comes into view. It is wielding a +2 dagger of venom.
You shoot a sling bullet. The sling bullet hits the hobgoblin.
The hobgoblin is almost dead.
The hobgoblin closely misses you. Robin hits you but does no damage.
The goblin hits you but does no damage.
You shoot a sling bullet. The sling bullet hits the hobgoblin.
You kill the hobgoblin!
Robin completely misses you.
The goblin unwields a +2 dagger of venom.
It stops dripping with poison.
The goblin wields a +0 sling.
The goblin shoots a sling bullet.
The sling bullet hits you but does no damage.
The goblin hits you but does no damage.
You shoot a sling bullet. The sling bullet hits the goblin.
You kill the goblin!
Robin misses you.
The goblin shoots a sling bullet.
The sling bullet hits you but does no damage.
You shoot a sling bullet. The sling bullet hits Robin.
Robin is almost dead.
Robin hits you from afar with a +0 spear.
The goblin shoots a sling bullet.
The sling bullet hits you but does no damage.
Robin hits you but does no damage.
You shoot a sling bullet.
The sling bullet hits Robin but does no damage.
Robin is almost dead.
The goblin shoots a sling bullet.
The sling bullet closely misses you.
Robin hits you from afar with a +0 spear.
You shoot a sling bullet. The sling bullet barely misses Robin.
Robin roars a battlecry!
The goblin goes into a battle-frenzy!
The goblin shoots a sling bullet.
The sling bullet closely misses you.
You shoot a sling bullet.
The sling bullet hits Robin but does no damage.
Robin is almost dead.
Robin hits you from afar with a +0 spear.
You die...

## .. #
#######.###.. #..
#....<......~
#...###)..........~
#......@.........#.
#...##).#######.[+
#. #>.g....# ##
#g#####g# #. #. #.
.^ ##


You could see Robin and a goblin (strong).

Vanquished Creatures
  3 ball pythons (D:1)
  A bat (D:1)
  2 endoplasms (D:1)
  A giant cockroach (D:1)
  6 goblins
  2 hobgoblins (D:2)
  3 frilled lizards
  7 kobolds (D:1)
  2 rats (D:1)
27 creatures vanquished.

Notes
Turn   | Place    | Note
-------+----------+-------------------------------------------
     0 | D:1      | qw the Gargoyle Hexslinger began the quest for the Orb.
     0 | D:1      | Reached XP level 1. HP: 12/12 MP: 2/2
     0 | D:1      | 0 ||| qw: Version: 0.3-a-51-g015441d
     0 | D:1      | 0 ||| qw: Game counter: 3818
     0 | D:1      | 0 ||| qw: Melee chars always use a shield: true
     0 | D:1      | 0 ||| qw: God list: Okawaru
     0 | D:1      | 0 ||| qw: Allow faded altars: false
     0 | D:1      | 0 ||| qw: Do Orc after clearing Dungeon:15 true
     0 | D:1      | 0 ||| qw: Do second Lair branch before Depths: true
     0 | D:1      | 0 ||| qw: Lair rune preference: random
     0 | D:1      | 0 ||| qw: Goals: Normal
     0 | D:1      | 0 ||| PLANNING D:1-11
   205 | D:1      | Reached XP level 2. HP: 16/16 MP: 3/3
   485 | D:1      | Reached skill level 3 in Ranged Weapons
   750 | D:1      | 750 ||| UPGRADING to +0 leather armour.
   760 | D:1      | 760 ||| DROPPING +0 robe.
   761 | D:1      | 761 ||| UPGRADING to +0 pair of gloves.
   766 | D:1      | 766 ||| UPGRADING to ring of protection from fire.
   767 | D:1      | 767 ||| UPGRADING to +6 ring of dexterity.
   768 | D:1      | 768 ||| READING scroll labelled VEEWES IPTUECSELI.
   769 | D:1      | 769 ||| READING scroll labelled ECEGEC VITUSIFEPP.
   770 | D:1      | 770 ||| READING scroll labelled WUSCHO ISTILL.
   771 | D:1      | 771 ||| READING scroll labelled NOSCHA HIPAN.
   772 | D:1      | 772 ||| READING scroll labelled QULONAK PIFU.
   773 | D:1      | 773 ||| DROPPING scroll of poison.
   785 | D:2      | Noticed Robin
   791 | D:2      | Reached XP level 3. HP: 12/21 MP: 4/4
   795 | D:2      | 795 ||| Stepping ~*~*~tactically~*~*~ (outnumbered).
   804 | D:2      | HP: 2/21 [Robin/+0 spear (4)]
   806 | D:2      | Slain by Robin

Levels and vault maps discovered:
D:1:      dpeg_arrival_houses_and_road, layout_basic
D:2:      layout_basic, chequers_ecumenical_altar_island, minmay_bisected,
          uniq_robin

Skill      XL: |  1  2  3 |
---------------+----------+-----
Ranged Weapons | 3 |  3.1
Fighting       | 2 |  2.0
Dodging        | |  1.5
Spellcasting   | |  1.0
Hexes          | |  2.6

Action                     || total
---------------------------++-------
   Fire: Sling             ||    73
    Use: Scroll            ||     5
 Armour: Robe              ||     4
         Leather armour    ||    14
  Dodge: Dodged            ||    22

Table legend:
 A = Non-vault XP
 B = Vault XP
 C = Vault XP percentage of total XP
 D = Non-vault monster count
 E = Vault monster count
 F = Vault count percentage of total count
                 A         B        C        D         E       F
            +---------+---------+-------+---------+---------+-------
      Total |      30 |      11 |  26.8 |      21 |       6 |  22.2
            +---------+---------+-------+---------+---------+-------
        D:1 |      29 |       0 |   0.0 |      20 |       0 |   0.0
        D:2 |       1 |      11 |  91.7 |       1 |       6 |  85.7
            +---------+---------+-------+---------+---------+-------
